 Dungeon Crawl Stone Soup version 0.28.0-53-g5a82cb258f (webtiles) character file.

Game seed: 13378668984311372965

107884 DearestLeader the Nimble (level 16, -9/124 (125) HPs)
             Began as a Gnoll Gladiator on May 29, 2022.
             Was the Champion of Okawaru.
             Mangled by a large abomination (28 damage)
             ... on level 2 of the Abyss on May 30, 2022.
             The game lasted 00:52:42 (29068 turns).

DearestLeader the Nimble (Gnoll Gladiator)         Turns: 29068, Time: 00:52:42

HP:   -9/124 (125)  AC: 21    Str: 19    XL:     16   Next: 48%
MP:   30/30         EV: 19    Int:  8    God:    Okawaru [******]
Gold: 2393          SH:  9    Dex: 24    Spells: 30/35 levels left

rFire   + + .      SeeInvis .   T - +8 whip "Snakebite" {venom, curare, rPois}
rCold   + + .      Faith    +   r - +1 buckler of Gallantry {Contam rElec Dex+5}
rNeg    + + .      Spirit   .   f - +3 scale mail {rC+}
rPois   +          Reflect  .   S - -2 hat of the Alchemist {rElec rPois rF+ rC+ rN+ Will+ rMut rCorr}
rElec   +          Harm     .   G - +0 cloak
rCorr   +          Rampage  .   q - +2 pair of gloves
rMut    +                       y - +5 pair of boots of the Slightly Bent {Dex+3}
Will    ++...                   O - amulet of faith
Stlth   ++++......              s - ring "Nirus" {Fire rN+ Slay+3}
HPRegen 0.30/turn               F - ring of protection from cold
MPRegen 0.22/turn

@: hasted, studying Ice Magic, lightly drained, very quick
A: fangs 1, strong nose, distributed training
a: Renounce Religion, Heroism, Finesse, Duel


You were on level 2 of the Abyss.
You worshipped Okawaru.
Okawaru was exalted by your worship.
You visited 4 branches of the dungeon, and saw 20 of its levels.
You visited the Abyss 1 time.
You also visited: Ossuary and Ice Cave.

You collected 2393 gold pieces.

Inventory:

Hand Weapons
 o - the +8 long sword of Division {venom, Int+2}
   (You found it on level 10 of the Dungeon)

   It poisons the flesh of those it strikes.
   Int:       It affects your intelligence (+2).
 N - the +8 dire flail "Lifebane" {flame, Dex+3}
   (Okawaru gifted it to you on level 2 of the Lair of Beasts)

   It burns those it strikes, dealing additional fire damage.
   Dex:       It affects your dexterity (+3).
 R - a +1 broad axe of freezing
 T - the +8 whip "Snakebite" (weapon) {venom, curare, rPois}
   (You found it on level 3 of the Lair of Beasts)

   It poisons the flesh of those it strikes.
   It occasionally inflicts asphyxiating poison on those it strikes, dealing
   poison damage and causing slowness.
   rPois:     It protects you from poison.
Missiles
 b - 9 curare-tipped darts
 d - 5 throwing nets
 k - 7 silver javelins (quivered)
Armour
 c - a +0 helmet
 f - a +3 scale mail of cold resistance (worn)
 q - a +2 pair of gloves (worn)
 r - the +1 buckler of Gallantry (worn) {Contam rElec Dex+5}
   (Okawaru gifted it to you on level 6 of the Lair of Beasts)

   Dex:       It affects your dexterity (+5).
   rElec:     It insulates you from electricity.
   Contam:    It causes magical contamination when unequipped.
 y - the +5 pair of boots of the Slightly Bent (worn) {Dex+3}
   (You found it on level 7 of the Dungeon)

   Dex:       It affects your dexterity (+3).
 G - a +0 cloak (worn)
 S - the -2 hat of the Alchemist (worn) {rElec rPois rF+ rC+ rN+ Will+ rMut rCorr}
   (You found it on level 6 of the Lair of Beasts)

   rF:        It protects you from fire.
   rC:        It protects you from cold.
   rElec:     It insulates you from electricity.
   rPois:     It protects you from poison.
   rN:        It protects you from negative energy.
   rCorr:     It protects you from acid and corrosion.
   rMut:      It protects you from mutation.
   Will:      It increases your willpower.
Jewellery
 e - a +6 ring of dexterity
 h - a ring of see invisible
 j - a +4 ring of evasion
 p - an amulet of reflection
 s - the ring "Nirus" (left hand) {Fire rN+ Slay+3}
   (You found it on level 9 of the Dungeon)

   [ring of fire]

   It enhances your fire magic.
   Slay:      It affects your accuracy & damage with ranged weapons and melee
   (+3).
   rF:        It protects you from fire.
   rC:        It makes you vulnerable to cold.
   rN:        It protects you from negative energy.
 z - a ring of magical power
 A - a +6 ring of intelligence
 D - a ring of willpower
 F - a ring of protection from cold (right hand)
 O - an amulet of faith (around neck)
 V - a ring of protection from fire
Wands
 m - a wand of polymorph (9)
 x - a wand of paralysis (2)
 B - a wand of digging (7)
 C - a wand of iceblast (8)
 I - a wand of mindburst (20)
 Q - a wand of acid (5)
Scrolls
 a - 5 scrolls of identify
 i - 2 scrolls of enchant weapon
 l - a scroll of silence
 t - 2 scrolls of amnesia
 v - 3 scrolls of fear
 H - a scroll of fog
 L - 3 scrolls of enchant armour
 P - a scroll of holy word
 W - a scroll of blinking
Potions
 g - 7 potions of curing
 u - a potion of cancellation
 w - 4 potions of haste
 E - 4 potions of flight
 J - 2 potions of brilliance
 K - a potion of heal wounds
 M - 2 potions of might
Miscellaneous
 U - a lightning rod (4/4)


   Skills:
 + Level 11.3 Fighting
 + Level 10.4 Short Blades
 + Level 10.4 Long Blades
 + Level 12.2 Axes
 + Level 10.4 Maces & Flails
 + Level 10.4 Polearms
 + Level 10.4 Staves
 + Level 10.4 Slings
 + Level 10.4 Bows
 + Level 10.4 Crossbows
 + Level 11.3 Throwing
 + Level 10.4 Armour
 + Level 12.2 Dodging
 + Level 10.4 Stealth
 + Level 10.4 Shields
 + Level 10.4 Unarmed Combat
 + Level 10.4 Spellcasting
 + Level 8.7 Conjurations
 + Level 8.7 Hexes
 + Level 8.7 Summonings
 + Level 8.7 Necromancy
 + Level 8.7 Translocations
 + Level 8.7 Transmutations
 + Level 8.7 Fire Magic
 + Level 10.1 Ice Magic
 + Level 8.7 Air Magic
 + Level 8.7 Earth Magic
 + Level 8.7 Poison Magic
 + Level 11.3 Invocations
 + Level 10.4 Evocations


You had 30 spell levels left.
You knew the following spells:

 Your Spells              Type           Power      Damage    Failure   Level
a - Ensorcelled Hibernat  Hex/Ice        38%        N/A       1%          2
b - Swiftness             Air            18%        N/A       3%          3

Your spell library contained the following spells:

 Spells                   Type           Power      Damage    Failure   Level
 Apportation              Tloc           36%        N/A       1%          1
 Corpse Rot               Necr/Air       36%        N/A       1%          2
 Passwall                 Tmut/Erth      15%        N/A       1%          2
 Sublimation of Blood     Necr           18%        N/A       1%          2
 Wereblood                Tmut           18%        N/A       1%          2
 Ozocubu's Armour         Ice            20%        N/A       2%          3
 Dispel Undead            Necr           18%        3d11      12%         4
 Passage of Golubria      Tloc           18%        N/A       12%         4
 Yara's Violent Unravell  Hex/Tmut       9%         3d6       34%         5
 Ozocubu's Refrigeration  Ice            10%        4d7       99%         7
 Animate Skeleton         Necr           Unusable   N/A       N/A         1
 Summon Small Mammal      Summ           Unusable   N/A       N/A         1
 Tukima's Dance           Hex            Unusable   N/A       N/A         3
 Death Channel            Necr           Unusable   N/A       N/A         6
 Summon Hydra             Summ           Unusable   N/A       N/A         7

Dungeon Overview and Level Annotations

Branches:
Dungeon (11/15)            Temple (1/1) D:6            Lair (6/6) D:11
  Swamp (0/4) Lair:3       Spider (0/4) Lair:2        Slime (0/5) Lair:6
    Orc (2/2) D:11        Ossuary (visited)           IceCv (visited)
    Elf: Orc:2

Altars:
Ashenzari
Cheibriados
Dithmenos
Elyvilon
Fedhas
Gozag
Hepliaklqana
Kikubaaqudgha
Makhleb
Okawaru
Qazlal
Ru
Sif Muna
Trog
Uskayaw
Vehumet
Wu Jian
Xom
Yredelemnul
Zin
The Shining One
Beogh

Annotations:
Lair:6 1 runed translucent door
Orc:2 Erolcha, Saint Roka


Innate Abilities, Weirdness & Mutations

You have very sharp teeth.
Your uncanny sense of smell can sniff out nearby items.
Your experience applies equally to all skills.


Message History

The wretched star is lightly damaged.
You whack the wretched star!
The wretched star is moderately damaged.
You hit the wretched star.
You bite the wretched star, but do no damage.
The wretched star is heavily damaged.
The wretched star glows turbulently.
The lance of force hits you!!
* * * LOW HITPOINT WARNING * * *
You are knocked back by the lance of force.
Your extra speed is starting to run out.
Found a gateway leading deeper into the Abyss.
You feel yourself slow down. You block something's attack.
Deactivating autopickup; reactivate with Ctrl-A.
A large abomination comes into view.
You block something's attack. Something barely misses you.
Something barely misses you. Something hits you!
* * * LOW HITPOINT WARNING * * *
Something barely misses you. Something barely misses you. Something hits you.
* * * LOW HITPOINT WARNING * * *
Something hits you but does no damage. Something closely misses you.
Something hits you but does no damage.
You miss something. Your bite misses something. Something hits you.
* * * LOW HITPOINT WARNING * * *
Something barely misses you.
You block the large abomination's attack.
You barely miss the large abomination.
You bite the large abomination, but do no damage.
The large abomination hits you but does no damage.
A small abomination comes into view.
Something hits you but does no damage.
You feel better.
The large abomination hits you but does no damage.
You feel yourself speed up. Something barely misses you.
The large abomination hits you!!
You die...

..# . ..#
..#.# ##.#.
..#.#.#..
.....x. .....
.. ... ..
####.### #.
.#.@#.##.
##{X.#.#.#
#..{....###
#...#..##.#.#
#......#.....#
.###..# .....#
...#.#.##....#
....#.#...#..
# #.##.#
....#. #


You could see a large abomination and a small abomination (wandering).

Vanquished Creatures
  The ghost of kalagan the Thaumaturge, a journeyman DECj of Sif Muna (Lair:6)
  A boulder beetle (D:11)
  10 hydras
  2 catoblepae (Lair:6)
  The ghost of Robocop the Cleaver, a novice HOFi of Trog (D:9)
  Erica (D:10)
  2 two-headed ogres (D:9)
  9 death yaks
  An orc high priest (Orc:1)
  Sonja (D:11)
  2 skeletal warriors
  3 lindwurms (Lair:6)
  A swamp dragon (Lair:3)
  An orc knight (Orc:1)
  2 orc sorcerers (Orc:1)
  A cyclops (D:11)
  3 manticores
  An ugly thing (IceCv)
  21 elephants
  5 black mambas
  3 ice statues (IceCv)
  13 cane toads
  7 torpor snails
  15 komodo dragons
  4 rime drakes (Lair:6)
  An unseen horror (D:11)
  A freezing wraith (IceCv)
  An entropy weaver simulacrum (IceCv)
  An anaconda simulacrum (IceCv)
  4 tyrant leeches (Lair:6)
  A slime creature (D:9)
  8 hornets
  2 polar bears
  2 meliai zombies (D:11)
  22 blink frogs
  14 dream sheep
  5 culicivoras (Lair:2)
  7 wyverns
  7 basilisks
  50 yaks
  2 vampire mosquitoes (D:11)
  Grum (D:10)
  A death yak simulacrum (IceCv)
  A steam dragon (Lair:4)
  5 wargs
  28 water moccasins
  7 orc warriors
  An ice beast (D:7)
  A hornet zombie (D:6)
  A swamp drake (D:11)
  A sky beast (Temple)
  8 ogres
  12 black bears
  A necrophage (D:7)
  12 wolves
  9 centaurs
  4 phantoms
  6 scorpions
  21 bullfrogs
  A wyvern zombie (D:6)
  2 cane toad simulacra (IceCv)
  An elephant simulacrum (IceCv)
  2 water moccasin skeletons
  2 howler monkeys
  2 centaur zombies (D:10)
  A bullfrog zombie (D:5)
  4 hounds
  2 jellies
  Crazy Yiuf (D:7)
  2 centaur skeletons (D:7)
  13 orc priests
  2 bullfrog skeletons
  2 gnoll shamans
  2 human zombies (Ossuary)
  6 orc wizards
  Ijyb (D:3)
  4 hell rats (Lair:6)
  4 iguanas
  9 scorpion zombies (Ossuary)
  A polar bear simulacrum (IceCv)
  3 mummies (Ossuary)
  10 gnolls
  A howler monkey skeleton (D:5)
  An adder (Lair:3)
  A shadow imp (D:5)
  A white imp (D:5)
  A dart slug (D:3)
  50 orcs
  2 ball pythons (D:1)
  5 endoplasms
  3 giant cockroaches
  A gnoll zombie (Ossuary)
  7 goblins
  7 hobgoblins
  4 jackals
  3 quokkas
  4 bats
  3 frilled lizards
  2 goblin zombies (Ossuary)
  3 hobgoblin zombies (Ossuary)
  4 kobolds
  3 kobold zombies (Ossuary)
  4 rats
  A spectral goblin (D:2)
547 creatures vanquished.

Vanquished Creatures (others)
  A wizard (D:9)
  2 bushes
  51 fungi
  100 plants
154 creatures vanquished.

Grand Total: 701 creatures vanquished

Notes
Turn   | Place    | Note
-------+----------+-------------------------------------------
     0 | D:1      | DearestLeader the Gnoll Gladiator began the quest for the
                  | Orb.
     0 | D:1      | Reached XP level 1. HP: 20/20 MP: 1/1
   101 | D:1      | Reached XP level 2. HP: 26/26 MP: 2/2
   903 | D:2      | Reached XP level 3. HP: 30/31 MP: 3/3
  1069 | D:2      | Reached skill level 1 in Invocations
  1224 | D:2      | Found a faded altar of an unknown god.
  1840 | D:3      | Reached skill level 1 in Short Blades
  1840 | D:3      | Reached skill level 1 in Long Blades
  1840 | D:3      | Reached skill level 1 in Maces & Flails
  1840 | D:3      | Reached skill level 1 in Polearms
  1840 | D:3      | Reached skill level 1 in Staves
  1840 | D:3      | Reached skill level 1 in Slings
  1840 | D:3      | Reached skill level 1 in Bows
  1840 | D:3      | Reached skill level 1 in Crossbows
  1840 | D:3      | Reached skill level 1 in Armour
  1840 | D:3      | Reached skill level 1 in Stealth
  1840 | D:3      | Reached skill level 1 in Shields
  1840 | D:3      | Reached skill level 1 in Unarmed Combat
  1840 | D:3      | Reached skill level 1 in Spellcasting
  1840 | D:3      | Reached skill level 1 in Evocations
  1886 | D:3      | Noticed Ijyb
  1900 | D:3      | Killed Ijyb
  1901 | D:3      | Reached XP level 4. HP: 11/38 MP: 5/5
  2547 | D:4      | Reached skill level 1 in Conjurations
  2547 | D:4      | Reached skill level 1 in Hexes
  2547 | D:4      | Reached skill level 1 in Summonings
  2547 | D:4      | Reached skill level 1 in Necromancy
  2547 | D:4      | Reached skill level 1 in Translocations
  2547 | D:4      | Reached skill level 1 in Transmutations
  2547 | D:4      | Reached skill level 1 in Fire Magic
  2547 | D:4      | Reached skill level 1 in Ice Magic
  2547 | D:4      | Reached skill level 1 in Air Magic
  2547 | D:4      | Reached skill level 1 in Earth Magic
  2547 | D:4      | Reached skill level 1 in Poison Magic
  2984 | D:4      | Reached XP level 5. HP: 23/43 MP: 5/7
  2984 | D:4      | HP: 2/43 [gnoll/+0 halberd of freezing (1)]
  3365 | D:4      | Noticed a phantom
  3384 | D:4      | Killed a phantom
  3385 | D:4      | Reached XP level 6. HP: 18/50 MP: 8/8
  3672 | D:4      | Found a radiant altar of Vehumet.
  3675 | D:4      | Reached skill level 5 in Fighting
  3675 | D:4      | Reached skill level 5 in Throwing
  4099 | D:4      | Noticed a water moccasin
  4111 | D:4      | Killed a water moccasin
  4112 | D:4      | Reached XP level 7. HP: 53/56 MP: 10/10
  4227 | D:5      | Entered Level 5 of the Dungeon
  4793 | D:5      | Reached XP level 8. HP: 58/63 MP: 12/12
  5547 | D:6      | Found a staircase to the Ecumenical Temple.
  5662 | Temple   | Entered the Ecumenical Temple
  5763 | Temple   | Became a worshipper of Warmaster Okawaru
  6053 | D:6      | Reached XP level 9. HP: 66/69 MP: 14/14
  6449 | D:6      | Reached * piety under Okawaru
  6820 | D:7      | Found a runed translucent door.
  6820 | D:7      | Noticed Crazy Yiuf
  6829 | D:7      | Killed Crazy Yiuf
  7005 | D:7      | Identified the +5 pair of boots of the Slightly Bent
                  | {Dex+3}
  7221 | D:7      | Found a sand-covered staircase.
  7226 | Ossuary  | Entered an ossuary
  7278 | Ossuary  | Reached skill level 5 in Invocations
  7797 | Ossuary  | Reached ** piety under Okawaru
  7798 | Ossuary  | Reached XP level 10. HP: 58/77 MP: 17/17
  8350 | D:7      | Reached skill level 5 in Short Blades
  8350 | D:7      | Reached skill level 5 in Long Blades
  8350 | D:7      | Reached skill level 5 in Maces & Flails
  8350 | D:7      | Reached skill level 5 in Polearms
  8350 | D:7      | Reached skill level 5 in Staves
  8350 | D:7      | Reached skill level 5 in Slings
  8350 | D:7      | Reached skill level 5 in Bows
  8350 | D:7      | Reached skill level 5 in Crossbows
  8350 | D:7      | Reached skill level 5 in Armour
  8350 | D:7      | Reached skill level 5 in Stealth
  8350 | D:7      | Reached skill level 5 in Shields
  8350 | D:7      | Reached skill level 5 in Unarmed Combat
  8350 | D:7      | Reached skill level 5 in Spellcasting
  8350 | D:7      | Reached skill level 5 in Evocations
  9947 | D:9      | Found a runed translucent door.
  9947 | D:9      | Noticed Robocop's ghost (novice HOFi)
  9991 | D:9      | Noticed a two-headed ogre
 10001 | D:9      | Killed a two-headed ogre
 10001 | D:9      | Reached *** piety under Okawaru
 10277 | D:9      | Noticed a wizard
 10277 | D:9      | Noticed a two-headed ogre
 10284 | D:9      | Killed a two-headed ogre
 10293 | D:9      | Killed a wizard
 10549 | D:9      | Reached **** piety under Okawaru
 10909 | D:9      | Reached XP level 11. HP: 52/84 MP: 19/19
 10913 | D:9      | Killed Robocop's ghost
 10922 | D:9      | Identified the ring "Nirus" {Fire rN+ Slay+3}
 11172 | D:10     | Entered Level 10 of the Dungeon
 11229 | D:10     | Received a gift from Okawaru
 11234 | D:10     | Reached skill level 5 in Conjurations
 11234 | D:10     | Reached skill level 5 in Hexes
 11234 | D:10     | Reached skill level 5 in Summonings
 11234 | D:10     | Reached skill level 5 in Necromancy
 11234 | D:10     | Reached skill level 5 in Translocations
 11234 | D:10     | Reached skill level 5 in Transmutations
 11234 | D:10     | Reached skill level 5 in Fire Magic
 11234 | D:10     | Reached skill level 5 in Ice Magic
 11234 | D:10     | Reached skill level 5 in Air Magic
 11234 | D:10     | Reached skill level 5 in Earth Magic
 11234 | D:10     | Reached skill level 5 in Poison Magic
 11873 | D:10     | Noticed a manticore
 11900 | D:10     | Killed a manticore
 11900 | D:10     | Received a gift from Okawaru
 12466 | D:10     | Noticed Grum
 12486 | D:10     | Killed Grum
 12597 | D:10     | Noticed Erica
 12621 | D:10     | HP: 4/86 [something (8)]
 12638 | D:10     | Killed Erica
 12861 | D:10     | Reached ***** piety under Okawaru
 12861 | D:10     | Received a gift from Okawaru
 12945 | D:10     | Identified the +8 long sword of Division {venom, Int+2}
 13041 | D:11     | Found a staircase to the Lair.
 13103 | D:11     | Received a gift from Okawaru
 13312 | D:11     | Noticed Sonja
 13316 | D:11     | Killed Sonja
 13316 | D:11     | Received a gift from Okawaru
 13364 | D:11     | Noticed a skeletal warrior
 13364 | D:11     | Noticed a skeletal warrior
 13364 | D:11     | Noticed a skeletal warrior
 13396 | D:10     | Killed a skeletal warrior
 13396 | D:10     | Received a gift from Okawaru
 13739 | Lair:1   | Entered Level 1 of the Lair of Beasts
 13790 | Lair:1   | Received a gift from Okawaru
 13959 | Lair:1   | Reached XP level 12. HP: 65/94 MP: 22/22
 14247 | Lair:1   | Noticed a four-headed hydra
 14262 | Lair:1   | Killed a five-headed hydra
 14276 | Lair:1   | Noticed a four-headed hydra
 14290 | Lair:1   | Killed a four-headed hydra
 15610 | Lair:2   | Received a gift from Okawaru
 15623 | Lair:2   | Found a hole to the Spider Nest.
 15938 | Lair:2   | Reached skill level 10 in Axes
 15938 | Lair:2   | Reached skill level 10 in Dodging
 15984 | Lair:2   | Received a gift from Okawaru
 16393 | Lair:2   | Identified the +8 dire flail "Lifebane" {flame, Dex+3}
                  | (Okawaru gifted it to you on level 2 of the Lair of Beasts)
 16393 | Lair:2   | Received a gift from Okawaru
 17094 | Lair:2   | Noticed a four-headed hydra
 17235 | Lair:2   | Killed a four-headed hydra
 17337 | Lair:2   | Reached XP level 13. HP: 62/101 MP: 24/24
 17926 | Lair:3   | Found the +8 whip "Snakebite" {venom, curare, rPois}
 18269 | Lair:3   | Received a gift from Okawaru
 18355 | Lair:3   | Reached ****** piety under Okawaru
 18390 | Lair:3   | Received a gift from Okawaru
 18718 | Lair:3   | Found a staircase to the Swamp.
 18883 | Lair:3   | Identified the +0 buckler of the Present {Int+2} (Okawaru
                  | gifted it to you on level 3 of the Lair of Beasts)
 18883 | Lair:3   | Received a gift from Okawaru
 19238 | Lair:4   | Found a frozen archway.
 19248 | IceCv    | Entered an ice cave
 20912 | Lair:4   | Learned a level 2 spell: Ensorcelled Hibernation
 22131 | Lair:5   | Received a gift from Okawaru
 22323 | Lair:5   | Received a gift from Okawaru
 22547 | Lair:5   | Received a gift from Okawaru
 22551 | Lair:5   | Reached skill level 10 in Fighting
 22551 | Lair:5   | Reached skill level 10 in Throwing
 22563 | Lair:5   | Reached XP level 14. HP: 85/110 MP: 26/26
 23167 | Lair:5   | Received a gift from Okawaru
 23447 | Lair:6   | Entered Level 6 of the Lair of Beasts
 23565 | Lair:5   | Received a gift from Okawaru
 23702 | Lair:6   | Reached skill level 10 in Invocations
 23812 | Lair:6   | Found a staircase to the Slime Pits.
 24240 | Lair:6   | Received a gift from Okawaru
 24303 | Lair:6   | Found a runed translucent gate.
 24303 | Lair:6   | Found a runed translucent gate.
 24304 | Lair:6   | Noticed kalagan's ghost (journeyman DECj)
 24317 | Lair:6   | Found a runed translucent gate.
 24319 | Lair:6   | Found the -2 hat of the Alchemist {rElec rPois rF+ rC+ rN+
                  | Will+ rMut rCorr}
 24352 | Lair:6   | Received a gift from Okawaru
 24597 | Lair:6   | Learned a level 3 spell: Swiftness
 24676 | Lair:6   | Found a runed translucent door.
 24684 | Lair:6   | Identified the +4 mace "Damoxude" {drain, rCorr Str-4 Dex+4
                  | Stlth+}
 24747 | Lair:6   | Identified the +1 buckler of Gallantry {Contam rElec Dex+5}
                  | (Okawaru gifted it to you on level 6 of the Lair of Beasts)
 24747 | Lair:6   | Received a gift from Okawaru
 25875 | Lair:6   | Reached XP level 15. HP: 104/117 MP: 28/28
 26664 | Lair:6   | Killed kalagan's ghost
 26664 | Lair:6   | Identified the +1 chain mail "Qeofrum" {rC+ Stlth+}
                  | (Okawaru gifted it to you on level 6 of the Lair of Beasts)
 26664 | Lair:6   | Received a gift from Okawaru
 26665 | Lair:6   | Reached skill level 10 in Short Blades
 26665 | Lair:6   | Reached skill level 10 in Long Blades
 26665 | Lair:6   | Reached skill level 10 in Maces & Flails
 26665 | Lair:6   | Reached skill level 10 in Polearms
 26665 | Lair:6   | Reached skill level 10 in Staves
 26665 | Lair:6   | Reached skill level 10 in Slings
 26665 | Lair:6   | Reached skill level 10 in Bows
 26665 | Lair:6   | Reached skill level 10 in Crossbows
 26665 | Lair:6   | Reached skill level 10 in Armour
 26665 | Lair:6   | Reached skill level 10 in Stealth
 26665 | Lair:6   | Reached skill level 10 in Shields
 26665 | Lair:6   | Reached skill level 10 in Unarmed Combat
 26665 | Lair:6   | Reached skill level 10 in Spellcasting
 26665 | Lair:6   | Reached skill level 10 in Evocations
 26929 | Lair:6   | Reached XP level 16. HP: 125/125 MP: 30/30
 27109 | D:11     | Found a white marble altar of Elyvilon.
 27652 | D:11     | Identified the +1 buckler of Xagiluc {Harm}
 27702 | D:11     | Reached skill level 10 in Ice Magic
 27753 | D:11     | Found a staircase to the Orcish Mines.
 28143 | Orc:1    | Entered Level 1 of the Orcish Mines
 28656 | Orc:2    | Entered Level 2 of the Orcish Mines
 28938 | Orc:2    | Noticed Saint Roka
 28960 | Orc:2    | Noticed Erolcha
 28982 | Orc:2    | Cast into level 2 of the Abyss (Erolcha)
 29068 | Abyss:2  | Mangled by a large abomination

Illustrated notes

Levels and vault maps discovered:
D:1:      eino_arrival_cavern_d, layout_basic
D:2:      layout_loops_ring, serial_bayou, serial_bayou_shore_b,
          serial_bayou_shore_a, serial_bayou_crossing, serial_bayou_pond_a,
          serial_bayou_pond_b, dreamdust_ecumenical_altar_drowned_temple,
          grunt_ministairs_13
D:3:      layout_rooms, serial_corexii_hall, corexii_hall_statues_x,
          corexii_hall_statues_s, uniq_ijyb
D:4:      layout_loops_ring, vehumet_crystals, serial_bayou_pond_e
D:5:      minmay_recursive_quarters, layout_loops_ring
D:6:      layout_basic, temple_pool_b
D:7:      layout_loops_ring, nicolae_ossuary_entry_plus, uniq_crazy_yiuf_cottage
D:8:      layout_rooms, serial_co_window_serial, co_window_corner_a,
          co_window_paths_b, co_window_corner_a, co_window_paths_b,
          co_window_of_opportunity_a, co_window_paths_a,
          co_window_of_opportunity_a, co_window_corner_b, co_window_corner_b,
          co_window_corner_b, co_window_paths_c, co_window_corner_ca,
          co_window_2corner
D:9:      layout_roguey, ebering_ghost_inner_flame
D:10:     layout_roguey, serial_park_tiny_1, uniq_erica, uniq_grum
D:11:     layout_roguey, erik_lair_orcish_takeover, erik_orc_1,
          elyvilon_altar_5, uniq_sonja
Temple:   grunt_wide_crystal_templ
Lair:1:   layout_regular_city, serial_bayou_shore_b, lemuel_fruit_tree
Lair:2:   layout_regular_city, hellmonk_spider_entry_life_and_decay,
          beast_lair_carwin_8, grunt_megastairs_4
Lair:3:   minmay_guarded_unrand_snakebite, layout_regular_city,
          minmay_swamp_entry_reptiles, minmay_lindwurm_lava
Lair:4:   layout_small_grid, portal_ice_cave_entry_pillars_1,
          infiniplex_staircase_pool_2
Lair:5:   layout_loops_ring, nicolae_quartered_pool_little
Lair:6:   wormcave, layout_small_grid, hangedman_lair_in_review,
          nicolae_slime_entry_slimehenge, gammafunk_ghost_hydra_chop
Orc:1:    layout_caves, basic_altar
Orc:2:    st_orc_rangers, layout_diamond_mine, uniq_rupert, uniq_erolcha,
          uniq_saint_roka
Abyss:2:  base: D:10, hangedman_abyss_or_decor_stagger, lemuel_firewalk_3

Skill      XL: |  1  2  3  4  5  6  7  8  9 10 11 12 13 14 15 16 |
---------------+-------------------------------------------------+-----
Invocations    | 1 2 3 4 5 6 7 8 9 10 11 | 11.3
Short Blades   | 1 2 3 4 5 6 7 8 9 10 | 10.4
Long Blades    | 1 2 3 4 5 6 7 8 9 10 | 10.4
Maces & Flails | 1 2 3 4 5 6 7 8 9 10 | 10.4
Polearms       | 1 2 3 4 5 6 7 8 9 10 | 10.4
Staves         | 1 2 3 4 5 6 7 8 9 10 | 10.4
Slings         | 1 2 3 4 5 6 7 8 9 10 | 10.4
Bows           | 1 2 3 4 5 6 7 8 9 10 | 10.4
Crossbows      | 1 2 3 4 5 6 7 8 9 10 | 10.4
Armour         | 1 2 3 4 5 6 7 8 9 10 | 10.4
Stealth        | 1 2 3 4 5 6 7 8 9 10 | 10.4
Shields        | 1 2 3 4 5 6 7 8 9 10 | 10.4
Unarmed Combat | 1 2 3 4 5 6 7 8 9 10 | 10.4
Spellcasting   | 1 2 3 4 5 6 7 8 9 10 | 10.4
Evocations     | 1 2 3 4 5 6 7 8 9 10 | 10.4
Conjurations   | 1 2 3 4 5 6 7 8 |  8.7
Hexes          | 1 2 3 4 5 6 7 8 |  8.7
Summonings     | 1 2 3 4 5 6 7 8 |  8.7
Necromancy     | 1 2 3 4 5 6 7 8 |  8.7
Translocations | 1 2 3 4 5 6 7 8 |  8.7
Transmutations | 1 2 3 4 5 6 7 8 |  8.7
Fire Magic     | 1 2 3 4 5 6 7 8 |  8.7
Ice Magic      | 1 2 3 4 5 6 7 9 10 | 10.1
Air Magic      | 1 2 3 4 5 6 7 8 |  8.7
Earth Magic    | 1 2 3 4 5 6 7 8 |  8.7
Poison Magic   | 1 2 3 4 5 6 7 8 |  8.7
Fighting       | 5 6 7 8 9 10 11 | 11.3
Throwing       | 5 6 7 8 9 10 11 | 11.3
Axes           | 7 8 9 10 11 12 | 12.2
Dodging        | 7 8 9 10 11 12 | 12.2

Action                   |  1- 3 |  4- 6 |  7- 9 | 10-12 | 13-15 | 16-18 || total
-------------------------+-------+-------+-------+-------+-------+-------++-------
Melee: War axe           |    86 |   109 |   406 |   372 |       |       ||   973
       Bite              |     5 |    11 |    56 |   108 |   221 |    30 ||   431
       Punch             |     2 |     3 |    19 |    38 |     7 |       ||    69
       Long sword        |       |       |       |   260 |    15 |       ||   275
       Dire flail        |       |       |       |     9 |       |       ||     9
       Whip              |       |       |       |       |  1117 |   189 ||  1306
       Broad axe         |       |       |       |       |       |    10 ||    10
Throw: Throwing net      |       |       |       |       |     1 |       ||     1
 Cast: Ensorcelled Hiber |       |       |       |       |       |     2 ||     2
Invok: Heroism           |       |       |       |     3 |       |       ||     3
Evoke: Wand              |       |     1 |       |    30 |    33 |       ||    64
  Use: Scroll            |       |       |     8 |     9 |     6 |     1 ||    24
       Potion            |       |       |       |    18 |     1 |     4 ||    23
 Stab: Sleeping          |     4 |       |     3 |     9 |     6 |     4 ||    26
       Distracted        |       |       |     1 |     1 |     3 |     2 ||     7
       Invisible         |       |       |       |     3 |       |       ||     3
Armor: Leather armour    |    18 |       |       |       |       |       ||    18
       Scale mail        |       |    42 |   162 |   316 |   411 |    45 ||   976
       Skin              |       |     1 |       |    22 |       |       ||    23
Dodge: Dodged            |    69 |   118 |   326 |   582 |   499 |    96 ||  1690
Block: Buckler           |       |       |       |       |   280 |    58 ||   338
